 Dungeon Crawl Stone Soup version 0.18-a0-705-g580043c (webtiles) character file.

29871 ololoev the Severer (level 13, 0/114 HPs)
             Began as a Hill Orc Artificer on Dec 7, 2015.
             Was a High Priest of Pakellas.
             Hit by a large rock thrown by a cyclops (35 damage)
             ... on level 11 of the Dungeon.
             The game lasted 01:25:11 (21164 turns).

ololoev the Severer (Hill Orc Artificer)           Turns: 21164, Time: 01:25:11

Health: 0/114      AC: 26    Str: 18    XL:     13   Next: 48%
Magic:  21/21      EV:  7    Int: 12    God:    Pakellas [*****.]
Gold:   366        SH:  0    Dex: 12    Spells: 0 memorised, 12 levels left

rFire  + . .     SeeInvis +     a - +3 battleaxe (elec)
rCold  . . .     Clarity  +     U - +1 plate armour {rF+}
rNeg   + . .     SustAt   .     (shield currently unavailable)
rPois  +         Gourm    .     M - +2 hat
rElec  .         Spirit   .     N - +0 cloak
rCorr  .         Dismiss  .     (no gloves)
rMut   .         Stasis   .     P - +0 pair of boots
MR     .....                    j - amulet of clarity
Stlth  ..........               L - +5 ring of protection
                                e - ring of Coronation {*Confuse +Blink rPois rN+ SInv}

@: not resistant to hostile enchantments, extremely unstealthy
A: no striking features
a: Quick Charge, Device Surge, Renounce Religion, Evoke Blink

Inventory:

Hand Weapons
 a - a +3 battleaxe of electrocution (weapon)
 b - a +0 blowgun
Missiles
 E - 23 poisoned needles
Armour
 M - a +2 hat (worn)
 N - a +0 cloak (worn)
 P - a +0 pair of boots (worn)
 U - a +1 plate armour of fire resistance (worn)
Rods
 m - a +2 rod of ignition (11/11)
   (Pakellas gifted it to you on level 8 of the Dungeon)
 n - a +5 rod of ignition (9/9)
   (Pakellas gifted it to you on level 1 of the Orcish Mines)
Jewellery
 e - the ring of Coronation (left hand) {*Confuse +Blink rPois rN+ SInv}
   (You bought it in a shop in a bazaar)

   [ring of see invisible]

   It protects you from poison.
   It protects you from negative energy.
   It lets you see invisible.
   It lets you blink.
   It may confuse you when you take damage.
 j - an amulet of clarity (around neck)
 y - an uncursed amulet of resist corrosion
 D - an uncursed ring of protection from cold
 L - a +5 ring of protection (right hand)
Wands
 h - a wand of disintegration (8)
 w - a wand of heal wounds (3)
 G - a wand of flame (8)
 Q - a wand of cold (2)
 S - a wand of teleportation (6)
Scrolls
 d - 2 scrolls of fear
 g - a scroll of acquirement {unknown}
 i - 3 scrolls of blinking
 k - 5 scrolls of remove curse
 o - 2 scrolls of enchant armour
 p - 3 scrolls of fog
 q - a scroll of immolation
 v - 2 scrolls of recharging
 C - 2 scrolls of amnesia {unknown}
 I - 3 scrolls of teleportation
 V - a scroll of brand weapon
Potions
 c - a potion of invisibility
 r - 2 potions of curing
 s - 2 potions of brilliance {unknown}
 u - 2 potions of ambrosia {unknown}
 A - 2 potions of heal wounds
 B - 3 potions of magic
 H - a potion of cure mutation {unknown}
 J - 2 potions of flight {unknown}
 O - a potion of berserk rage
Miscellaneous
 F - a fan of gales (inert)
Comestibles
 f - 6 bread rations
 l - 6 fruits
 t - 9 meat rations
 x - 4 chunks of flesh
 z - a slice of pizza
 K - 3 beef jerkies
 R - 9 royal jellies


   Skills:
 + Level 10.4 Fighting
   Level 1.0 Short Blades
 * Level 16.7 Axes
 - Level 5.2 Throwing
 + Level 11.2 Armour
 - Level 1.5 Dodging
 - Level 0.7 Stealth
 + Level 10.8 Evocations


You had 12 spell levels left.
You didn't know any spells.


You were on level 11 of the Dungeon.
You worshipped Pakellas.
Pakellas was extremely pleased with you.
You were not hungry.

You visited 3 branches of the dungeon, and saw 16 of its levels.
You visited the Abyss 1 time.
You visited 1 bazaar.
You also visited: Bailey.

You collected 2475 gold pieces.
You spent 2109 gold pieces at shops.

,,,,,,,,,,,,,,,,,,,,,,...........
,,,,,,,,,,,,,,,,,,,,,,...........
,,,,,,,,,,,,,,,,,,,,,,.........##
,>,,,,,..,,************######..#
,,,,,,.....* #..# ,,,,,......*
#..#
>,,,...<...##################..#
,,,...[.........)..............##
,,...$..........@...)............
,............u.(..........#######
,.........................#
,...(............÷.)......#
,....(......Y....=...)^...#
,........C..........).....#
,............†††...)).....#
,......(..................#
,........................)#######

Notes
Turn   | Place    | Note
--------------------------------------------------------------
     0 | D:1      | ololoev the Hill Orc Artificer began the quest for the Orb.
     0 | D:1      | Reached XP level 1. HP: 16/16 MP: 3/3
   221 | D:1      | Reached XP level 2. HP: 21/23 MP: 4/4
   388 | D:1      | Reached skill level 1 in Armour
   907 | D:1      | Reached XP level 3. HP: 27/29 MP: 5/5
  1818 | D:2      | Reached XP level 4. HP: 35/37 MP: 6/6
  2098 | D:3      | Noticed Terence
  2109 | D:3      | Killed Terence
  2109 | D:3      | Reached skill level 4 in Evocations
  2226 | D:3      | Reached XP level 5. HP: 29/45 MP: 8/8
  3119 | D:4      | Found a bloodstained altar of Trog.
  3201 | D:4      | Reached skill level 1 in Throwing
  3328 | D:4      | Reached XP level 6. HP: 47/51 MP: 9/9
  3396 | D:4      | Found a staircase to the Ecumenical Temple.
  3400 | Temple   | Entered the Ecumenical Temple
  3502 | Temple   | Became a worshipper of Pakellas the Inventive
  3548 | D:3      | Found a radiant altar of Vehumet.
  4354 | D:5      | Entered Level 5 of the Dungeon
  4431 | D:5      | Reached skill level 1 in Axes
  4431 | D:5      | Reached skill level 5 in Evocations
  4473 | D:5      | Found a glowing golden altar of the Shining One.
  4513 | D:5      | Reached XP level 7. HP: 58/58 MP: 10/10
  4531 | D:5      | Killed a centaur
  4627 | D:5      | Reached * piety under Pakellas
  5445 | D:6      | Reached XP level 8. HP: 66/66 MP: 12/12
  5490 | D:6      | Reached skill level 5 in Axes
  5625 | D:6      | Found a shadowy altar of Dithmenos.
  5656 | D:6      | You fall through a shaft!
  5960 | D:7      | Reached skill level 6 in Axes
  5962 | D:7      | Found an ancient bone altar of Kikubaaqudgha.
  5965 | D:7      | Noticed PeterLawrence's ghost (novice GrFi)
  5965 | D:7      | Found a snail-covered altar of Cheibriados.
  6036 | D:6      | Reached ** piety under Pakellas
  6036 | D:6      | Received a gift from Pakellas
  6282 | D:6      | Reached skill level 5 in Armour
  6342 | D:6      | Reached skill level 7 in Axes
  6576 | D:6      | Reached XP level 9. HP: 68/71 MP: 13/13
  6652 | D:6      | Reached skill level 8 in Axes
  6887 | D:6      | Reached *** piety under Pakellas
  7501 | D:7      | Found a glowing golden altar of the Shining One.
  7501 | D:7      | Found a glowing silver altar of Zin.
  7501 | D:7      | Found a white marble altar of Elyvilon.
  7522 | D:7      | Killed PeterLawrence's ghost
  7522 | D:7      | Reached skill level 9 in Axes
  7562 | D:7      | HP: 2/71 [wyvern (9)]
  7572 | D:7      | Killed a wyvern
  7572 | D:7      | Reached skill level 10 in Axes
  7572 | D:7      | Reached skill level 5 in Throwing
  8004 | D:7      | Reached XP level 10. HP: 54/78 MP: 5/15
  8255 | D:7      | Found a shattered altar of Ashenzari.
  8256 | D:7      | Found an opulent altar of Gozag.
  8262 | D:7      | Found a blossoming altar of Fedhas.
  8263 | D:7      | Found a bloodstained altar of Trog.
  8470 | D:7      | Found a burning altar of Makhleb.
  8481 | D:7      | Found an iron altar of Okawaru.
  8482 | D:7      | Found a sparkling altar of Nemelex Xobeh.
  8658 | D:8      | Noticed Erolcha
  8674 | D:8      | Cast into level 2 of the Abyss (Erolcha)
  8800 | Abyss:2  | Found a corrupted altar of Lugonu.
  8805 | D:8      | Escaped the Abyss
  8811 | D:8      | Killed Erolcha
  8811 | D:8      | Reached skill level 11 in Axes
  9610 | D:8      | Reached skill level 5 in Fighting
  9705 | D:8      | Reached **** piety under Pakellas
  9705 | D:8      | Received a gift from Pakellas
  9707 | D:8      | Identified a +2 rod of ignition (11/11) (Pakellas gifted it to you on level 8 of the Dungeon)
  9723 | D:8      | Reached skill level 12 in Axes
 10019 | D:8      | Reached XP level 11. HP: 78/89 MP: 2/17
 10463 | D:8      | Found a staircase to the Lair.
 10948 | D:9      | Found Qajon's General Store.
 10952 | D:9      | Bought a potion of mutation for 30 gold pieces
 10963 | D:9      | Bought a wand of cold (10) for 336 gold pieces
 12156 | D:9      | Noticed Erica
 12181 | D:9      | Killed Erica
 12181 | D:9      | Reached skill level 13 in Axes
 12646 | D:9      | Found a staircase to the Orcish Mines.
 13144 | D:10     | Entered Level 10 of the Dungeon
 13146 | D:10     | Noticed a hill giant
 14182 | D:10     | Killed a hill giant
 14182 | D:10     | Reached skill level 14 in Axes
 14332 | Orc:1    | Entered Level 1 of the Orcish Mines
 14602 | Orc:1    | Found Ublelano's Magic Scroll Boutique.
 14632 | Orc:1    | Bought a scroll of blinking for 90 gold pieces
 14632 | Orc:1    | Bought a scroll of fear for 42 gold pieces
 14632 | Orc:1    | Bought a scroll of noise for 12 gold pieces
 14632 | Orc:1    | Bought a scroll of torment for 90 gold pieces
 14632 | Orc:1    | Bought a scroll of magic mapping for 42 gold pieces
 14916 | Orc:3    | Found Cacymp's Antique Weapon Boutique.
 14980 | Orc:3    | Bought a broad axe for 108 gold pieces
 15029 | Orc:3    | Reached XP level 12. HP: 69/101 MP: 19/19
 15359 | Orc:3    | Noticed Donald
 15392 | Orc:3    | Killed Donald
 15992 | Orc:3    | Found a roughly hewn altar of Beogh.
 16998 | Orc:2    | Reached ***** piety under Pakellas
 17017 | Orc:2    | Noticed Urug
 17020 | Orc:2    | Noticed Urug
 17020 | Orc:2    | Urug changed into Urug the yaktaur
 17032 | Orc:2    | Killed Urug the yaktaur
 17367 | Orc:1    | Found Jaud's General Store.
 17386 | Orc:1    | Received a gift from Pakellas
 17397 | Orc:1    | Identified a +5 rod of ignition (9/9) (Pakellas gifted it to you on level 1 of the Orcish Mines)
 17422 | Orc:1    | Found Ehuwas's Antique Armour Boutique.
 17531 | Orc:1    | Bought a scroll of brand weapon for 240 gold pieces
 17531 | Orc:1    | Bought a potion of poison for 12 gold pieces
 17531 | Orc:1    | Bought a scroll of blinking for 90 gold pieces
 17531 | Orc:1    | Bought a scroll of blinking for 90 gold pieces
 17531 | Orc:1    | Bought a +1 plate armour of poison resistance for 384 gold pieces
 17793 | Orc:2    | Noticed Snorg
 17811 | Orc:2    | Killed Snorg
 17811 | Orc:2    | Reached skill level 15 in Axes
 18025 | Orc:2    | Reached skill level 10 in Armour
 18240 | Orc:4    | Entered Level 4 of the Orcish Mines
 18248 | Orc:4    | Found Uloceatu's Antique Armour Emporium.
 18251 | Orc:4    | Reached skill level 10 in Evocations
 18334 | Orc:4    | Found Voetakk's General Store.
 18407 | Orc:4    | Noticed an orc high priest
 18410 | Orc:4    | Found Qair's Book Shop.
 18414 | Orc:4    | Killed an orc high priest
 18466 | Orc:4    | Found a flickering gateway to a bazaar.
 18561 | Orc:4    | Reached XP level 13. HP: 48/111 MP: 20/20
 18573 | Orc:4    | Noticed an orc warlord
 18616 | Orc:4    | Killed an orc warlord
 18616 | Orc:4    | Reached skill level 16 in Axes
 18644 | Bazaar   | Entered a bazaar
 18646 | Bazaar   | Found Wysoig's Distillery.
 18650 | Bazaar   | Found Hagifel's Magic Scroll Boutique.
 18650 | Bazaar   | Found Igrelaiw's Food Boutique.
 18650 | Bazaar   | Found Yfy Omet's Jewellery Boutique.
 18687 | Bazaar   | Bought the ring of Coronation {*Confuse +Blink rPois rN+ SInv} for 413 gold pieces
 18695 | Bazaar   | Bought a potion of heal wounds for 65 gold pieces
 18695 | Bazaar   | Bought a potion of berserk rage for 65 gold pieces
 18813 | Orc:4    | Found a staircase to the Elven Halls.
 19013 | Orc:4    | Reached skill level 10 in Fighting
 19273 | Orc:4    | Found Vaeb Cea's Antique Weapon Shoppe.
 19728 | D:11     | Found a flagged portal.
 19782 | Bailey   | Entered a bailey
 20934 | D:11     | Noticed Fannar
 20965 | D:11     | Killed Fannar
 21164 | D:11     | Hit by a large rock thrown by a cyclops

Dungeon Overview and Level Annotations

Branches:
Dungeon (11/15)            Temple (1/1) D:4            Lair (0/8) D:8
    Orc (4/4) D:9             Elf (0/3) Orc:4

Altars:
Ashenzari
Cheibriados
Dithmenos
Elyvilon
Fedhas
Gozag
Kikubaaqudgha
Makhleb
Nemelex Xobeh
Okawaru
Pakellas
Sif Muna
Trog
Vehumet
Yredelemnul
Zin
The Shining One
Beogh

Shops:
D:9 *   Orc:1 [*?   Orc:3 (   Orc:4 *:[(


Message History

You shoot a poisoned needle.
The poisoned needle hits the giant frog.
The giant frog is poisoned.
The giant frog is almost dead.
The giant frog hits you but does no damage.
Firing (i - inventory):
E - 26 poisoned needles (quivered)
Press: ? - help, Shift-Dir - straight line, f/p - cyclops
Aim: a cyclops (poisoned)
You shoot a poisoned needle.
The poisoned needle closely misses the giant frog.
The poisoned needle hits the cyclops!
The cyclops looks even sicker.
The giant frog hits you but does no damage.
Firing (i - inventory):
E - 25 poisoned needles (quivered)
Press: ? - help, Shift-Dir - straight line, f/p - cyclops
Aim: a cyclops (lightly wounded, poisoned)
You shoot a poisoned needle.
The poisoned needle hits the giant frog!
The giant frog looks even sicker.
The giant frog is almost dead.
The giant frog hits you but does no damage.
Firing (i - inventory):
E - 24 poisoned needles (quivered)
Press: ? - help, Shift-Dir - straight line, f/p - cyclops
Aim: a cyclops (lightly wounded, poisoned)
You shoot a poisoned needle.
The poisoned needle hits the giant frog!
The giant frog looks even sicker.
The giant frog is almost dead.
The giant frog barely misses you.
You hear the crackle of electricity.
a - a +3 battleaxe of electrocution (weapon)
You kill the giant frog!
Pakellas accepts your kill.
The cyclops throws a large rock.
The large rock hits you!!
Found 9 gold pieces.
Found a buckler.
Found an escape hatch in the ceiling.
The cyclops throws a large rock.
The large rock hits you!!
You see here a large rock.
The cyclops throws a large rock.
The large rock hits you!!
You die...

You could see a red ugly thing, a cyclops and an ice beast.

Vanquished Creatures
  An orc warlord (Orc:4)
  Snorg (Orc:2)
  Erolcha (D:8)
  Erica (D:9)
  2 orc high priests (Orc:4)
  2 deep elf knights (Orc:4)
  3 wyverns
  A hill giant (D:10)
  3 orc knights
  2 cyclopes
  4 orc sorcerers (Orc:4)
  A gargoyle (D:11)
  A komodo dragon (D:10)
  A yaktaur (Orc:2)
  6 trolls
  A two-headed ogre (D:11)
  A large abomination (Abyss:2)
  34 orc warriors
  14 yaks
  12 centaurs
  3 vampire mosquitoes (D:11)
  5 wargs (Orc:4)
  A water moccasin (D:9)
  A hungry ghost (D:9)
  A phantom (D:7)
  3 porcupines (D:8)
  An eye of draining (D:11)
  3 ice beasts
  3 sky beasts
  8 ogres
  4 crocodiles
  A big kobold (D:9)
  6 giant frogs
  2 gnoll sergeants
  2 wyvern skeletons
  6 scorpions
  12 wights
  2 electric eels (D:9)
  8 killer bees
  2 centaur zombies
  9 hounds
  3 crimson imps
  5 jellies
  2 giant frog zombies (D:8)
  31 orc wizards
  29 orc priests
  A giant frog skeleton (D:9)
  7 worker ants
  An iguana (D:10)
  Terence (D:3)
  2 sheep (Orc:4)
  5 hound zombies
  A hound skeleton (D:10)
  12 gnolls
  5 river rats (D:8)
  15 adders
  2 shadow imps
  8 oozes
  2 adder skeletons
  3 adder zombies
  3 worms
  211 orcs
  2 ball pythons
  5 bats
  12 goblins
  12 hobgoblins
  10 jackals
  7 quokkas
  5 giant cockroaches
  6 giant geckos
  A giant gecko skeleton (D:5)
  6 giant newts
  19 kobolds
  A quokka skeleton (D:5)
  2 quokka zombies
  8 rats
  5 fungi (Orc:4)
  2 plants (D:6)
  2 toadstools (D:1)
629 creatures vanquished.

Vanquished Creatures (collateral kills)
  Donald (Orc:3)
  Fannar (D:11)
  An orc knight (Orc:4)
  The ghost of PeterLawrence the Basher, a novice GrFi of Okawaru (D:7)
  A vampire mosquito (D:11)
  A phantom (D:7)
  3 ogres
  A jelly (D:9)
  An orc priest (D:6)
  A giant frog skeleton (D:5)
  2 hounds (D:6)
  3 orc wizards
  2 gnolls (D:6)
  A river rat (D:8)
  4 orcs
  2 kobolds (D:6)
26 creatures vanquished.

Vanquished Creatures (others)
  A crocodile (D:8)
  A porcupine (D:8)
  A killer bee (D:8)
  2 orc wizards
  A bush (D:8)
  3 fungi (D:8)
  12 plants (D:8)
  2 toadstools (D:1)
23 creatures vanquished.

Grand Total: 678 creatures vanquished

Action                   |  1- 3 |  4- 6 |  7- 9 | 10-12 | 13-15 || total
-------------------------+-------+-------+-------+-------+-------++-------
Melee: Short sword       |   172 |       |       |       |       ||   172
       Dagger            |       |   178 |   266 |       |       ||   444
       Hand axe          |       |       |    32 |       |       ||    32
       War axe           |       |       |   192 |   790 |       ||   982
       Broad axe         |       |       |       |    94 |       ||    94
       Battleaxe         |       |       |       |   210 |   156 ||   366
 Fire: Blowgun           |       |    50 |    57 |   224 |    28 ||   359
Throw: Javelin           |       |       |       |       |    53 ||    53
Invok: Quick Charge      |       |       |     3 |    14 |     2 ||    19
 Abil: Evoke Blink       |       |       |       |       |     1 ||     1
Evoke: Wand              |     6 |     7 |    31 |    46 |     8 ||    98
       Rod               |       |       |       |     8 |     7 ||    15
       Fan of gales      |       |       |       |     2 |     1 ||     3
  Use: Scroll            |     1 |     6 |     2 |     7 |     2 ||    18
       Potion            |       |       |     2 |     2 |     1 ||     5
 Stab: Confused          |     1 |       |       |       |       ||     1
       Paralysed         |       |       |     5 |       |       ||     5
       Invisible         |       |       |     2 |     5 |       ||     7
       Distracted        |       |       |       |     1 |       ||     1
       Betrayed ally     |       |       |       |     1 |       ||     1
  Eat: Chunk             |     2 |    10 |    11 |    31 |    12 ||    66
       Royal jelly       |       |       |       |     4 |       ||     4
       Pizza             |       |       |       |     2 |       ||     2
       Fruit             |       |       |       |       |     1 ||     1

Vault maps used:
D:1:      ldierk_water_garden
D:2:      serial_forest, infiniplex_forest_straight_3,
          infiniplex_forest_clump_diagonal, infiniplex_forest_clump_diagonal,
          infiniplex_forest_lined_3_way, infiniplex_forest_straight_4,
          infiniplex_forest_lined_3, infiniplex_forest_clump_tiny,
          infiniplex_forest_end_1
D:3:      lemuel_upstairs_altar, grunt_decor_one_mirror, uniq_terence
D:4:      minmay_temple_entry_glassed_door, first_bread, bloody_trog
D:5:      basic_altar, st_stairs_8, due_unseen_surprise
D:6:      kennysheep_housing_project, grunt_dithmenos_smoke_and_mirrors
D:7:      good_gods_mini_temple, grunt_temple_overflow_open, minitemple
D:8:      minmay_lair_entry_grove, uniq_erolcha
D:9:      erik_orc_2, serial_shops, shop, hangedman_little_slice_of_home,
          nooodl_food_tri, uniq_erica
D:10:     kennysheep_path_1
D:11:     enter_bailey_2, uniq_fannar
Temple:   jpeg_temple_alley_garden_8
Orc:1:    serial_shops, shop, shop, shop, nicolae_orc_rich_vein
Orc:2:    uniq_snorg, uniq_urug
Orc:3:    nicolae_orc_accident_2, serial_shops, nicolae_shop_crystal,
          nicolae_orc_pool_cavern, uniq_donald
Orc:4:    grunt_orc_gardens, grunt_orc_garden, grunt_orc_garden,
          grunt_orc_garden, grunt_orc_garden, serial_shops, bzr_entry_road
Bazaar:   bazaar_minmay_cross
Bailey:   bailey_polearm_flooded_kennysheep, bailey
